 Dungeon Crawl Stone Soup version 0.24-a0-520-g8fd06ad (webtiles) character file.

Game seed: 9521058596046431575

5770 Spazmo the Thaumaturge (level 10, -6/50 HPs)
             Began as a Deep Elf Fire Elementalist on July 26, 2019.
             Was a Believer of Vehumet.
             Mangled by a yak (14 damage)
             ... on level 8 of the Dungeon.
             The game lasted 00:25:56 (7859 turns).

Spazmo the Thaumaturge (Deep Elf Fire Elementalist) Turns: 7859, Time: 00:25:56

Health: -6/50      AC:  6    Str:  5    XL:     10   Next: 49%
Magic:  24/28      EV: 13    Int: 24    God:    Vehumet [**....]
Gold:   409        SH:  0    Dex: 15    Spells: 16/33 levels left

rFire    + . .     SeeInvis .   u - staff of conjuration
rCold    . . .     Gourm    .   (no shield)
rNeg     . . .     Faith    .   a - +0 robe
rPois    .         Spirit   .   (no helmet)
rElec    .         Reflect  .   d - +0 cloak
rCorr    .         Harm     .   G - +0 pair of gloves
MR       +....                  i - +1 pair of boots
Stlth    ++........             l - amulet of regeneration
HPRegen  0.56/turn              o - ring of protection from fire
MPRegen  0.21/turn              w - ring of flight

@: no status effects
A: no striking features
a: Renounce Religion, Evoke Flight


You were on level 8 of the Dungeon.
You worshipped Vehumet.
Vehumet was pleased with you.
You were not hungry.

You visited 2 branches of the dungeon, and saw 10 of its levels.
You also visited: Sewer.

You collected 409 gold pieces.

Inventory:

Hand Weapons
 p - a +3 short sword of venom
Missiles
 e - 237 stones (quivered)
Armour
 a - a +0 robe (worn)
 d - a +0 cloak (worn)
 i - a +1 pair of boots (worn)
 G - a +0 pair of gloves (worn)
Magical Staves
 u - an uncursed staff of conjuration (weapon)
Jewellery
 l - an amulet of regeneration (around neck)
 o - a ring of protection from fire (left hand)
 w - a ring of flight (right hand)
Wands
 F - a wand of scattershot (6)
Scrolls
 n - 5 scrolls of teleportation
 q - 2 scrolls of identify
 s - 4 scrolls of fog
 v - 5 scrolls of amnesia
 x - 3 scrolls of remove curse
 y - a scroll of holy word
 C - a scroll of fear
Potions
 b - a potion of brilliance
 f - a potion of mutation {unknown}
 g - 4 potions of curing
 h - 5 potions of ambrosia
 j - a potion of lignification {unknown}
 k - 2 potions of agility
 m - a potion of flight {unknown}
 r - a potion of might
 t - a potion of experience {unknown}
 z - 2 potions of heal wounds
 A - a potion of cancellation {unknown}
 B - a potion of berserk rage {unknown}
 D - a potion of haste
Comestibles
 c - 12 rations
 E - 6 chunks of flesh


   Skills:
 - Level 2.4 Dodging
 - Level 2.4 Stealth
 + Level 12.0 Spellcasting
 + Level 10.0 Conjurations
 + Level 10.5 Fire Magic


You had 16 spell levels left.
You knew the following spells:

 Your Spells              Type           Power        Failure   Level  Hunger
a - Flame Tongue          Conj/Fire      #####        1%          1    None
b - Throw Flame           Conj/Fire      ######       1%          2    None
c - Conjure Flame         Conj/Fire      #######.     1%          3    None
d - Sticky Flame          Conj/Fire      #######.     1%          4    None
e - Fireball              Conj/Fire      #######...   1%          5    ###....
f - Blink                 Tloc           N/A          6%          2    None

Your spell library contained the following spells:

 Spells                   Type           Power        Failure   Level  Hunger
 Freeze                   Ice            ##..         4%          1    None
 Magic Dart               Conj           ####         1%          1    None
 Inner Flame              Hex/Fire       #####...     1%          3    None
 Mephitic Cloud           Conj/Pois/Air  #####...     3%          3    None
 Call Imp                 Summ           ##......     6%          2    None
 Slow                     Hex            ##......     6%          2    None


Dungeon Overview and Level Annotations

Branches:
Dungeon (9/15)             Temple (1/1) D:6
   Lair: D:8-11         Orc: D:9-12

Altars:
Ashenzari
Cheibriados
Dithmenos
Elyvilon
Fedhas
Gozag
Hepliaklqana
Kikubaaqudgha
Makhleb
Okawaru
Qazlal
Ru
Sif Muna
Trog
Vehumet
Wu Jian
Yredelemnul
Zin
The Shining One

Shops:
D:8 %%!


Message History

There is a stone staircase leading down here.
Magic restored.
You climb downwards.
The yak closely misses you. The yak gores you but does no damage.
The yak gores you! x2
There is a stone staircase leading up here.
Unknown command.
The yak gores you. The yak gores you!
* * * LOW HITPOINT WARNING * * *
You climb upwards.
There is a stone staircase leading down here.
Unknown command.
Casting: Sticky Flame (safe; 1% risk of failure)
Confirm with . or Enter, or press ? or * to list all spells.
Aiming: Sticky Flame (safe; 1% risk of failure)
Press: ? - help, Shift-Dir - straight line, f - yak
Aim: a yak You feel a surge of power!
The sticky flame hits the yak!
The yak is moderately wounded.
The yak is covered in liquid flames!
The yak burns!
The yak gores you!
You die...

##.##<# #.######
#........# #.##.#
#.# #######..#
#.#..# #)# #..#
#.#.## #.# #..#
#.#.# #.# #..# #.#.#
#.# #[.#
#####.#p####.# #..#
###............#####
#..#
#.......#.####YY@..#
#..# #.#.#####.#
#.###.###########..#
#.#.# #.# #.#
#...รท...........
#.#.# #.#
#.###############..#
#.#.# #.####....##
#..# #.#.#
#....#.###.##
#####..# #.#.#
####..##
##.######.......
#.#.# ##.#
#....p.).###.##
#.#.# #.#
#.##########.#


You could see 2 yaks and a neutral freed slave (wandering).

Vanquished Creatures
  A two-headed ogre (D:8)
  Pikel (D:8)
  A troll (D:8)
  3 slime creatures (D:8)
  A hippogriff (D:8)
  4 yaks
  Eustachio (D:6)
  Edmund (D:6)
  4 orc warriors
  An ice beast (D:5)
  2 sky beasts (D:9)
  A black bear (D:7)
  3 ogres
  5 centaurs
  3 bullfrogs
  A wyvern skeleton (D:9)
  2 scorpions
  A water moccasin skeleton (D:8)
  5 wights (D:6)
  A howler monkey (D:6)
  5 crimson imps
  A jelly (D:8)
  2 orc priests
  2 centaur skeletons
  4 hounds
  An iguana (D:4)
  5 orc wizards
  3 worker ants
  A hound zombie (D:5)
  2 hound skeletons (D:8)
  4 gnolls (D:3)
  6 adders
  A shadow imp (D:8)
  2 oozes
  5 worms
  3 adder skeletons
  A dart slug (D:4)
  3 leopard geckos
  33 orcs
  14 giant cockroaches
  5 goblins
  11 hobgoblins
  4 jackals
  A quokka (D:5)
  3 ball pythons (Sewer)
  11 bats
  7 frilled lizards
  8 kobolds
  6 rats
196 creatures vanquished.

Vanquished Creatures (others)
  A slave (D:8)
  A centaur (D:8)
  An adder (D:8)
3 creatures vanquished.

Grand Total: 199 creatures vanquished

Notes
Turn   | Place    | Note
-------+----------+-------------------------------------------
     0 | D:1      | Spazmo the Deep Elf Fire Elementalist began the quest for
                  | the Orb.
     0 | D:1      | Reached XP level 1. HP: 10/10 MP: 6/6
   460 | D:1      | Reached XP level 2. HP: 15/15 MP: 4/8
   464 | D:1      | Learned a level 2 spell: Throw Flame
   975 | D:1      | Reached XP level 3. HP: 19/19 MP: 7/10
   980 | D:1      | Learned a level 3 spell: Conjure Flame
  1270 | D:2      | Found a blossoming altar of Fedhas.
  1550 | D:2      | Reached skill level 4 in Spellcasting
  1659 | D:2      | Found a glowing golden altar of the Shining One.
  1880 | D:3      | Reached XP level 4. HP: 23/24 MP: 8/12
  1886 | D:3      | Learned a level 4 spell: Sticky Flame
  2146 | D:3      | Found a shattered altar of Ashenzari.
  2228 | D:3      | Found a glowing drain.
  2255 | Sewer    | Entered a sewer
  2337 | Sewer    | Reached XP level 5. HP: 28/28 MP: 9/14
  2521 | Sewer    | Reached skill level 5 in Spellcasting
  2546 | Sewer    | Reached skill level 5 in Fire Magic
  2546 | Sewer    | Reached XP level 6. HP: 32/32 MP: 12/16
  2553 | Sewer    | Learned a level 5 spell: Fireball
  3311 | D:4      | Reached skill level 6 in Spellcasting
  3453 | D:4      | Found an iron altar of Okawaru.
  3515 | D:5      | Entered Level 5 of the Dungeon
  3519 | D:5      | Reached XP level 7. HP: 36/36 MP: 13/18
  3776 | D:5      | Reached skill level 5 in Conjurations
  3813 | D:5      | Reached skill level 7 in Spellcasting
  4591 | D:5      | Reached XP level 8. HP: 28/41 MP: 13/21
  4677 | D:6      | Noticed Eustachio
  4705 | D:5      | Reached skill level 8 in Spellcasting
  4795 | D:6      | Found a sacrificial altar of Ru.
  5047 | D:6      | Killed Eustachio
  5074 | D:6      | Found a staircase to the Ecumenical Temple.
  5084 | Temple   | Entered the Ecumenical Temple
  5145 | Temple   | Became a worshipper of Vehumet
  5207 | D:6      | Noticed Edmund
  5227 | D:6      | Killed Edmund
  5435 | D:6      | Reached skill level 9 in Spellcasting
  5640 | D:7      | Learned a level 2 spell: Blink
  5682 | D:7      | Reached XP level 9. HP: 45/45 MP: 4/24
  6565 | D:8      | Reached * piety under Vehumet
  6565 | D:8      | Offered knowledge of Shock by Vehumet.
  6596 | D:8      | Noticed a two-headed ogre
  6611 | D:8      | Killed a two-headed ogre
  6611 | D:8      | Reached skill level 10 in Spellcasting
  6693 | D:8      | Found a snail-covered altar of Cheibriados.
  6826 | D:8      | Reached skill level 11 in Spellcasting
  6928 | D:8      | Found Louvuloh's Distillery.
  6928 | D:8      | Noticed Pikel
  6953 | D:8      | Reached XP level 10. HP: 50/50 MP: 21/27
  7003 | D:8      | Killed Pikel
  7051 | D:8      | Found Utudoph's Food Boutique.
  7080 | D:8      | Reached skill level 10 in Fire Magic
  7489 | D:8      | Found Was Nump's Food Boutique.
  7624 | D:9      | Reached ** piety under Vehumet
  7624 | D:9      | Offered knowledge of Freeze by Vehumet.
  7845 | D:8      | Reached skill level 12 in Spellcasting
  7845 | D:8      | Reached skill level 10 in Conjurations
  7859 | D:8      | Mangled by a yak

Levels and vault maps discovered:
D:1:      mrwooster_arrival_statue_2, layout_basic
D:2:      layout_loops_ring, nicolae_tso_carved_into_rock,
          small_statue_intersection, fedhas_altar_2
D:3:      layout_basic, nicolae_overflow_hidden_temple,
          cheibrodos_sewer_entry_bend
D:4:      layout_basic, kennysheep_little_box, first_ration
D:5:      layout_basic, grunt_ministairs_13, chequers_serial_rivers_marsh
D:6:      layout_cave_pools, minmay_temple_entry_statues_fountains,
          nicolae_ru_awakened_eye, uniq_eustachio, uniq_edmund
D:7:      layout_loops_cross
D:8:      layout_loops_ring, nicolae_overflow_crystal_walls, serial_shops,
          kennysheep_mini, shop, nicolae_shop_behind_doors, uniq_pikel
D:9:      layout_cave_pools, marbit_many_paths, lemuel_coloured_pillars_altar,
          dpeg_oklobed_lair, grunt_livestock
Temple:   kb_temple_of_zot

Skill      XL: |  1  2  3  4  5  6  7  8  9 10 |
---------------+-------------------------------+-----
Conjurations   | 2 3 4 5 7 9 10 | 10.0
Spellcasting   | 4 5 6 7 9 11 12 | 12.0
Fire Magic     | 4 5 6 8 9 10 | 10.5
Dodging        | |  2.4
Stealth        | |  2.4

Action                   |  1- 3 |  4- 6 |  7- 9 | 10-12 || total
-------------------------+-------+-------+-------+-------++-------
Melee: Unarmed           |     4 |       |       |       ||     4
       Short sword       |     3 |     1 |    62 |       ||    66
       Staff             |       |       |     1 |       ||     1
Throw: Stone             |       |       |     2 |       ||     2
 Cast: Flame Tongue      |    70 |    76 |   138 |    42 ||   326
       Throw Flame       |     5 |    20 |    31 |     6 ||    62
       Sticky Flame      |       |     1 |    30 |    15 ||    46
       Fireball          |       |       |     1 |       ||     1
  Use: Scroll            |     4 |     4 |     7 |     1 ||    16
       Potion            |     1 |     3 |     2 |     1 ||     7
  Eat: Chunk             |     3 |     5 |     9 |     3 ||    20
       Ration            |       |       |     1 |       ||     1
Armor: Robe              |     4 |       |    32 |     6 ||    42
Dodge: Dodged            |    23 |     6 |   112 |    23 ||   164

Table legend:
 A = Non-vault XP
 B = Vault XP
 C = Vault XP percentage of total XP
 D = Non-vault monster count
 E = Vault monster count
 F = Vault count percentage of total count
                 A         B        C        D         E       F
            +---------+---------+-------+---------+---------+-------
      Total |    6928 |    1316 |  16.0 |     169 |      27 |  13.8
            +---------+---------+-------+---------+---------+-------
        D:1 |      44 |       0 |   0.0 |      24 |       0 |   0.0
        D:2 |      27 |       0 |   0.0 |      13 |       0 |   0.0
        D:3 |     103 |      10 |   8.8 |      23 |       2 |   8.0
        D:4 |     267 |       0 |   0.0 |      15 |       0 |   0.0
        D:5 |     763 |      49 |   6.0 |      16 |       4 |  20.0
        D:6 |     715 |     366 |  33.9 |      16 |       2 |  11.1
        D:7 |     898 |       0 |   0.0 |      27 |       0 |   0.0
        D:8 |    3445 |     641 |  15.7 |      26 |       1 |   3.7
        D:9 |     666 |       0 |   0.0 |       9 |       0 |   0.0
      Sewer |       0 |     250 | 100.0 |       0 |      18 | 100.0
            +---------+---------+-------+---------+---------+-------
